 Dungeon Crawl Stone Soup version 0.26-a0-818-g75db068ed4 (webtiles) character file.

Game seed: 5135498579784119167

45 selver the Stinger (level 3, 0/26 HPs)
             Began as a Draconian Venom Mage on Nov 15, 2020.
             Slain by an adder (3 damage)
             ... on level 2 of the Dungeon.
             The game lasted 00:04:10 (1228 turns).

selver the Stinger (Draconian Venom Mage)           Turns: 1228, Time: 00:04:11

Health: 0/26       AC:  5    Str: 10    XL:     3   Next: 42%
Magic:  0/6        EV: 12    Int: 16    God:
Gold:   50         SH:  0    Dex: 11    Spells: 3/6 levels left

rFire    . . .     SeeInvis .   d - +0 dagger
rCold    . . .     Faith    .   (no shield)
rNeg     . . .     Spirit   .   (armour unavailable)
rPois    .         Reflect  .   (helmet restricted)
rElec    .         Harm     .   (no cloak)
rCorr    .         Rampage  .   (no gloves)
MR       .....                  (no boots)
Stlth    ++........             (no amulet)
HPRegen  0.08/turn              (no ring)
MPRegen  0.10/turn              (no ring)

@: lethally poisoned (0 -> -4), attractive
A: unfitting armour, cold-blooded, AC +5
a: no special abilities


You were on level 2 of the Dungeon.
You visited 1 branch of the dungeon, and saw 2 of its levels.

You collected 50 gold pieces.

Inventory:

Hand Weapons
 d - a +0 dagger (weapon)
Missiles
 c - 59 stones (quivered)
Scrolls
 a - a scroll of remove curse {unknown}
 e - a scroll of enchant armour {unknown}
 i - a scroll of teleportation {unknown}


   Skills:
 - Level 1.7 Dodging
 - Level 1.7 Stealth
 + Level 2.4 Spellcasting
 + Level 1.7 Transmutations
 + Level 0.9 Air Magic
 * Level 3.7 Poison Magic


You had 3 spell levels left.
You knew the following spells:

 Your Spells              Type           Power        Failure   Level
a - Sting                 Tmut/Pois      ##..         6%          1
b - Poisonous Vapours     Pois/Air       #.....       12%         2

Your spell library contained the following spells:

 Spells                   Type           Power        Failure   Level
 Ignite Poison            Fire/Tmut/Pois #.......     28%         3
 Mephitic Cloud           Conj/Pois/Air  #.......     32%         3
 Olgreb's Toxic Radiance  Pois           ##......     38%         4


Dungeon Overview and Level Annotations

Branches:
Dungeon (2/15)

Altars:


Innate Abilities, Weirdness & Mutations

Your plain brown scales are hard. (AC +5)
You cannot fit into any form of body armour.
You are cold-blooded and may be slowed by cold attacks.


Message History

The adder barely misses you.
You hit the adder.
The adder is heavily wounded.
The kobold hits you but does no damage. The adder barely misses you.
You closely miss the adder.
The adder is heavily wounded.
You feel sick. The adder bites you.
* * * LOW HITPOINT WARNING * * *
The kobold hits you with a +0 short sword.
* * * LOW HITPOINT WARNING * * *
Casting: Sting (safe; 6% risk of failure)
Confirm with . or Enter, or press ? or * to list all spells.
Aiming: Sting (safe; 6% risk of failure)
Press: ? - help, Shift-Dir - straight line, f/p - adder
Aim: an adder (heavily wounded)
The sting hits the adder.
The adder is poisoned.
The adder is severely wounded.
The adder barely misses you. The kobold hits you but does no damage.
The adder bites you.
You die...

### #@### ## #
......KS#8###8##$..#
###########....((K!.?...
...................†.⌠..
#######...................
.........##..##8###8##...#
######.##8..#### ## ..#
#...###.... .8 #.####..##
#..... #


You could see an adder (poisoned) and a kobold.

Vanquished Creatures
  2 adders (D:2)
  5 giant cockroaches (D:1)
  3 goblins
  3 hobgoblins
  3 jackals (D:2)
  A quokka (D:2)
  2 frilled lizards (D:1)
  2 kobolds
  3 rats (D:1)
24 creatures vanquished.

Notes
Turn   | Place    | Note
-------+----------+-------------------------------------------
     0 | D:1      | selver the Draconian Venom Mage began the quest for the
                  | Orb.
     0 | D:1      | Reached XP level 1. HP: 14/14 MP: 3/3
   310 | D:1      | Reached XP level 2. HP: 17/20 MP: 0/5
   361 | D:1      | Learned a level 2 spell: Poisonous Vapours
  1033 | D:2      | Reached XP level 3. HP: 22/26 MP: 2/6
  1228 | D:2      | Slain by an adder

Illustrated notes

Levels and vault maps discovered:
D:1:      dpeg_arrival_three_same_balls, layout_loops_ring
D:2:      layout_basic, serial_corexii_hall, chequers_hall_statues_wall_a,
          corexii_hall_statues_x, corexii_hall_statues_i,
          chequers_hall_statues_y, fountainhead

Action                   || total
-------------------------++-------
Melee: Unarmed           ||     1
       Dagger            ||    33
       Tailslap          ||     2
 Cast: Sting             ||    28
       Poisonous Vapours ||     6
  Use: Potion            ||     4
 Stab: Sleeping          ||     1
Armor: Skin              ||    14
Dodge: Dodged            ||    35

Table legend: (Time is in decaauts)
 A = Elapsed time spent in this place.
 B = Non-inter-level travel time spent in this place.
 C = Inter-level travel time spent in this place.
 D = Time resting spent in this place.
 E = Time spent auto-exploring this place.
 F = Levels seen in this place.
 G = Mean time per level.
                   A        B        C        D        E       F      G
               +--------+--------+--------+--------+--------+-----+--------+
         Total |   1227 |   1169 |     58 |    230 |    756 |   2 |  613.5 |
       Dungeon |   1227 |   1169 |     58 |    230 |    756 |   2 |  613.5 |
               +--------+--------+--------+--------+--------+-----+--------+

Top non-repeatable levels by time:
     D:1: 902 daAuts
     D:2: 325 daAuts
